woodfighter, lawful female giant Samurai --- . |.| ...---.- ----------- ....%.... |.Z..*...*| -...%... ------|...MM....| |^..... |.|....F..M@....| -...-------.|.--|......*..| ...........|.| |`*.......| .---.---.|.| ---------- |.|.| |.|.| ..|.| ..|.| ....| --- woodfighter the Samurai Experience level: 8 Strength: 18/01 Dexterity: 15 Constitution: 20 Intelligence: 9 Wisdom: 9 Charisma: 9 Health: 0(89) Energy: 25(25) Def: 17 Gold: 0 Moves: 10790 Dungeon seed [set]: Game ID: woodfighter_1679587851 Your Inventory: Amulets j - an uncursed amulet of reflection (being worn) Weapons a - a blessed rusty +0 katana named Newtsbane (weapon in hand) E - 11 blessed +5 shuriken F - 10 blessed +3 shuriken H - 14 blessed +0 shuriken (in quiver) I - 11 blessed +1 shuriken Armor h - a cursed -1 dwarvish cloak i - an uncursed +1 elven cloak (being worn) l - an uncursed +0 elven shield (being worn) u - an uncursed +1 dwarvish cloak N - an uncursed +0 pair of high boots (being worn) U - a cursed -1 pair of gauntlets of power V - an uncursed rusty +2 dented pot (being worn) Y - an uncursed +0 dwarvish cloak Comestibles Q - 5 uncursed gunyoki Z - an uncursed lizard corpse Scrolls k - a cursed scroll of identify Wands d - an uncursed wand of digging (0:5) C - an uncursed wand of teleportation (0:6) Tools c - a cursed oil lamp (0:1343) f - an uncursed towel q - an uncursed +0 unicorn horn s - an uncursed kaban t - an uncursed +0 pick-axe (alternate weapon; not wielded) y - an uncursed osaku W - an uncursed blindfold Gems g - an uncursed worthless piece of green glass m - an uncursed emerald o - 5 uncursed worthless pieces of orange glass p - 3 uncursed aquamarines x - 3 uncursed worthless pieces of violet glass z - 2 uncursed worthless pieces of black glass R - 2 uncursed worthless pieces of blue glass S - an uncursed amber T - an uncursed worthless piece of white glass Boulders/Statues e - an uncursed boulder n - an uncursed boulder r - an uncursed boulder J - an uncursed boulder K - an uncursed boulder Contents of the kaban: 316 gold pieces an uncursed eucalyptus leaf 2 uncursed gunyoki an uncursed lizard corpse a [uncursed] scroll of blank paper a [uncursed] scroll of enchant armor 2 [blessed] scrolls of taming a [blessed] potion of enlightenment a [uncursed] potion of gain ability a [uncursed] potion of gain energy a [uncursed] potion of hallucination a [uncursed] potion of object detection a [uncursed] ring of poison resistance a [cursed] ring of teleportation an uncursed [+0] unicorn horn a [uncursed] worthless piece of black glass a [uncursed] worthless piece of blue glass a [uncursed] worthless piece of white glass a [uncursed] worthless piece of yellowish brown glass Spells and supernatural/magical abilities: Name Level Category Fail Memory W - pray for help -- divine ? -- Your skills at the end: Miscellaneous Skills martial arts [Basic] wands [Basic] Weapon Skills short sword [Basic] katana [Expert] bow [Basic] sling [Basic] shuriken [Basic] Spellcasting Skills Final Attributes: You were fervently aligned. You were poison resistant. Your writing hand was ok. You were telepathic. You had infravision. You were stealthy. You were fast. You had reflection. You were unlucky. You are dead. Vanquished creatures: a ghost 2 giant mimics a large mimic a quantum mechanic a small mimic a warhorse a werebear a large dog an elf mummy a leather golem a wolf 2 winter wolf cubs 2 lynxes 2 leprechauns 6 lizards a mumak a giant spider 2 scorpions an ice vortex a gnome king 2 piranhas a yeti a gold golem 4 chickatrices a dog a dingo a dwarf lord a blue jelly a white unicorn a gray unicorn 2 plains centaurs 2 Woodland-elves 5 apes a human zombie 12 soldier ants 3 fire ants a yellow light 2 bugbears an imp a baby crocodile 2 wood nymphs an orc shaman 2 rock moles 2 rock piercers 3 ponies 2 fog clouds a shrieker 13 gnome lords 3 gnomish wizards 2 kobold mummies a red naga hatchling 2 gray oozes a barrow wight an elf zombie a paper golem 2 giant ants a puppy 6 floating eyes 4 dwarves a quasit a kobold lord 6 iguanas 10 hill orcs 11 rothes a rabid rat a jitterbug 4 giant bats an orc zombie a wererat 7 killer bees 3 coyotes 3 gas spores 5 hobbits 4 acid blobs 3 large kobolds 7 geckos 4 hobgoblins 6 giant rats 5 cave spiders a brown mold 4 yellow molds 2 red molds 50 gnomes 2 garter snakes 27 manes a gnome zombie 7 jackals 3 foxes 2 kobolds 12 newts 3 goblins 9 sewer rats 6 grid bugs 2 bats 9 lichens 3 kobold zombies 351 creatures vanquished. Voluntary challenges: You did not cause conflict. You were not invisible. You did not have reflection until turn 6852. You were not displaced. You did not donate to any temples.. You used a wielded weapon 542 times, starting on turn 128. You did not apply a unicorn horn. You did not use plumbed fixtures. You did not drink any magical draughts. You read items or engraved 2 times, starting on turn 5766. You never genocided any monsters. You never polymorphed an object. You never changed form. You cheated 2 times but completed Sokoban on turn 6755. You used no wishes. You did not use any artifacts. You never split a pudding. You never wrote Elbereth's name. You never violated bushido. You enabled loading special bones files. Dungeon overview: The Dungeons of Doom: levels 1 to 10 Level 1 (box) a long staircase Level 2 (box + water) some altars to Raijin, a fountain Level 3 stairs to The Gnomish Mines Level 4 a sink Level 5 an altar to Susanowo, a fountain Level 6 a general store Level 7 (black unicorn) many fountains Level 8 (box) a throne stairs to Sokoban Level 9 Level 10 The Gnomish Mines: levels 4 to 12 Level 4 stairs to The Dungeons of Doom Level 5 Level 6 many shops, a temple to Susanowo, a magic chest, some fountains Level 7 Level 8 Level 9 Level 10 Level 11 Level 12 <- You were here Sokoban: levels 4 to 7 Level 4 (eye) a magic chest Level 5 Level 6 Level 7 a magic chest stairs to The Dungeons of Doom History has recorded: On T:1 you entered the Dungeons of Doom to retrieve the Amulet of Yendor! On T:292 you reached level 2 of The Dungeons of Doom. On T:376 you advanced to experience level 2. On T:477 you reached level 3 of The Dungeons of Doom. On T:649 you advanced to experience level 3. On T:710 you reached level 4 of The Dungeons of Doom. On T:738 you reached level 1 of The Gnomish Mines. On T:977 you advanced to experience level 4. On T:1339 you reached level 5 of The Dungeons of Doom. On T:1750 you reached level 6 of The Dungeons of Doom. On T:1981 you reached level 7 of The Dungeons of Doom. On T:2069 you advanced to experience level 5. On T:2518 you advanced to experience level 6. On T:2782 you reached level 8 of The Dungeons of Doom. On T:3103 you reached level 9 of The Dungeons of Doom. On T:3220 you reached level 4 of Sokoban. On T:3374 you opened a magic chest. On T:3383 you advanced to experience level 7. On T:3582 you reached level 3 of Sokoban. On T:4055 you reached level 2 of Sokoban. On T:4375 you reached level 10 of The Dungeons of Doom. On T:4662 you advanced to experience level 8. On T:5960 you reached level 1 of Sokoban. On T:6755 you entered the Sokoban zoo. On T:7173 you reached level 2 of The Gnomish Mines. On T:7863 you reached level 3 of The Gnomish Mines. On T:8612 you entered the Minetown temple On T:8654 you advanced to experience level 9. On T:8723 you reached level 4 of The Gnomish Mines. On T:9137 you reached level 5 of The Gnomish Mines. On T:9572 you reached level 6 of The Gnomish Mines. On T:9583 you reached level 7 of The Gnomish Mines. On T:9742 you reached level 8 of The Gnomish Mines. On T:10717 you reached level 9 of The Gnomish Mines. On T:10717 you reached the bottom of the Mines. On T:10790 you prayed to Amaterasu Omikami. Score breakdown: Gold: 316 ( 31 points) Experience: 8 levels ( 700 points) Exploration: 12 levels ( 330 points) Discoveries: 36 items ( 1800 points) Variety of kills: 96 monsters ( 2000 points) Major goal: Sokoban/Mines ( 1500 points) Survival: died (score multiplied by 3) Total score: 19083 Latest messages: The kobold mummy misses. You hack the vampire! You slash the vampire! The orc zombie misses. The vampire just misses! (2x) You hack the vampire! The vampire scratches you! The vampire bites! The kobold mummy scratches you! (3x) o - an orange gem. You are now wielding your pick-axe. a - a blessed rusty +0 katana named Newtsbane (alternate weapon; not wielded). You start digging. You hit the rock with all your might. You break through a secret door! You are now wielding your katana named Newtsbane. t - an uncursed pick-axe (alternate weapon; not wielded). The orc zombie misses. (2x) The ettin mummy scratches you! The ettin mummy misses. The ettin mummy just misses! The ettin mummy scratches you! You begin praying to Amaterasu Omikami. The ettin mummy scratches you! (2x) You die... Your body rises from the dead as a giant mummy... Final status: Sayonara woodfighter the Samurai, killed by an ettin mummy, while praying... You died in The Gnomish Mines on dungeon level 12 with 19083 points, and 316 pieces of gold, after 10790 moves. You were level 8 with a maximum of 89 hit points when you died.